 Dungeon Crawl Stone Soup version 0.29.1-15-g9cfb28693d (webtiles) character file.

Game seed: 13556441924351913945

58 adizb the Slasher (level 4, -7/28 HPs)
             Began as a Tengu Monk on Apr 22, 2023.
             Mangled by Crazy Yiuf
             ... wielding a +4 quarterstaff of chaos
              (12 damage)
             ... on level 2 of the Dungeon.
             The game lasted 00:04:56 (1161 turns).

adizb the Slasher (Tengu Monk)                      Turns: 1161, Time: 00:04:56

Health: -7/28      AC:  5    Str: 11    XL:     4   Next: 1%
Magic:  5/5        EV: 13    Int: 11    God:
Gold:   107        SH:  0    Dex: 18    Spells: 3/3 levels left

rFire   . . .      SeeInvis .   a - +0 falchion
rCold   . . .      Faith    .   (no shield)
rNeg    . . .      Spirit   .   m - +0 leather armour
rPois   .          Reflect  .   b - +2 hat
rElec   .          Harm     .   (no cloak)
rCorr   .          Rampage  .   (no gloves)
Will    .....                   (boots unavailable)
Stlth   ++........              (no amulet)
HPRegen 0.09/turn               (no ring)
MPRegen 0.09/turn               (no ring)

@: no status effects
A: beak, talons 3
a: no special abilities


You were on level 2 of the Dungeon.
You visited 1 branch of the dungeon, and saw 2 of its levels.

You collected 107 gold pieces.

Inventory:

Hand Weapons
 a - a +0 falchion (weapon)
Armour
 b - a +2 hat (worn)
 m - a +0 leather armour (worn)
Scrolls
 d - 2 scrolls of fear {unknown}
 e - a scroll of silence {unknown}
 g - 3 scrolls of identify {unknown}
 h - a scroll of torment {unknown}
 j - a scroll of teleportation {unknown}
 k - a scroll of noise {unknown}
 o - 3 scrolls of butterflies {unknown}
Potions
 c - a potion of ambrosia
 f - 2 potions of curing {unknown}
 i - 2 potions of heal wounds {unknown}
 l - a potion of might {unknown}
 n - a potion of cancellation {unknown}


   Skills:
 + Level 3.6 Fighting
 * Level 4.7 Long Blades
 - Level 3.2 Dodging
 - Level 2.0 Stealth


You had 3 spell levels left.
You didn't know any spells.
Your spell library contained the following spells:

 Spells                   Type           Power      Damage    Failure   Level
 Ignite Poison            Fire/Tmut/Pois 0%         N/A       80%         3
 Mephitic Cloud           Conj/Pois/Air  0%         N/A       80%         3
 Freezing Cloud           Conj/Ice/Air   0%         6-21      100%        5


Dungeon Overview and Level Annotations

Branches:
Dungeon (2/15)

Altars:

Annotations:
D:2 Crazy Yiuf


Innate Abilities, Weirdness & Mutations

You have a beak for a mouth.
You have claws for feet.


Message History

You have reached level 4!
You feel clever.
You see here a hobgoblin corpse.
You see here a hobgoblin corpse.
Found a hammer.
Found a runed translucent door.
Crazy Yiuf shouts!
You start resting.
HP restored.
You open the door. You barely miss Crazy Yiuf.
You peck Crazy Yiuf, but do no damage. You punch Crazy Yiuf.
Crazy Yiuf is lightly wounded.
Crazy Yiuf barely misses you.
You closely miss Crazy Yiuf. You claw Crazy Yiuf.
Crazy Yiuf is moderately wounded.
Crazy Yiuf hits you with a +4 quarterstaff of chaos!
Ouch! That really hurt!
You hit Crazy Yiuf but do no damage. Your peck misses Crazy Yiuf.
Crazy Yiuf is moderately wounded.
Crazy Yiuf hits you with a +4 quarterstaff of chaos.
* * * LOW HITPOINT WARNING * * *
You resist with some effort.
You closely miss Crazy Yiuf.
Crazy Yiuf is moderately wounded.
Crazy Yiuf hits you with a +4 quarterstaff of chaos.
* * * LOW HITPOINT WARNING * * *
You resist with some effort.
You hit Crazy Yiuf. You claw Crazy Yiuf, but do no damage.
Crazy Yiuf is moderately wounded.
Crazy Yiuf completely misses you.
You completely miss Crazy Yiuf. Your peck misses Crazy Yiuf.
Crazy Yiuf is moderately wounded.
Crazy Yiuf barely misses you.
You slash Crazy Yiuf!
Crazy Yiuf is severely wounded.
Crazy Yiuf misses you.
You hit Crazy Yiuf but do no damage. Your peck misses Crazy Yiuf.
Crazy Yiuf is severely wounded.
Crazy Yiuf hits you with a +4 quarterstaff of chaos!
You die...

#.#
##....##
#.####
#.#
#....#
... #.#
♣....♣
..> #†#
♣♣...♣
... #.#
♣♣.♣♣
.....
#.# ♣♣.♣
#.# ♣.♣♣
#.####
♣♣.♣
#....#
♣@♣♣
######
#g# ...
#...#
#)..#
#####


You could see Crazy Yiuf.

Vanquished Creatures
  A gnoll (D:1)
  An adder (D:2)
  A worm (D:2)
  A dart slug (D:1)
  7 ball pythons (D:1)
  A giant cockroach (D:1)
  4 hobgoblins
  2 jackals (D:2)
  A kobold (D:2)
  A quokka (D:2)
  6 bats (D:1)
  A frilled lizard (D:2)
  4 goblins
  2 rats (D:1)
33 creatures vanquished.

Vanquished Creatures (others)
  A plant (D:1)
1 creature vanquished.

Grand Total: 34 creatures vanquished

Notes
Turn   | Place    | Note
-------+----------+-------------------------------------------
     0 | D:1      | adizb the Tengu Monk began the quest for the Orb.
     0 | D:1      | Reached XP level 1. HP: 14/14 MP: 2/2
    13 | D:1      | Found a faded altar of an unknown god.
    99 | D:1      | Reached XP level 2. HP: 8/19 MP: 3/3
   477 | D:1      | Reached skill level 4 in Long Blades
   477 | D:1      | Reached XP level 3. HP: 18/23 MP: 4/4
  1039 | D:2      | Reached XP level 4. HP: 17/28 MP: 5/5
  1072 | D:2      | Found a runed translucent door.
  1073 | D:2      | Noticed Crazy Yiuf
  1161 | D:2      | Mangled by Crazy Yiuf

Illustrated notes

Levels and vault maps discovered:
D:1:      eino_arrival_tree_alley, layout_basic,
          shapermc_ecumenical_altar_mp_ritualfount, hex_large, minmay_distorted
D:2:      layout_loops_ring, minmay_misc_feat_cross, uniq_crazy_yiuf_cottage

Skill      XL: |  1  2 |
---------------+-------+-----
Long Blades    | 4 |  4.7
Fighting       | |  3.6
Dodging        | |  3.2
Stealth        | |  2.0

Action                   |  1- 3 |  4- 6 || total
-------------------------+-------+-------++-------
Melee: Falchion          |    65 |     8 ||    73
       Kick              |    19 |     2 ||    21
       Peck              |    11 |     1 ||    12
       Punch             |       |     1 ||     1
 Stab: Sleeping          |     3 |       ||     3
Armor: Robe              |     8 |       ||     8
       Leather armour    |     6 |       ||     6
Dodge: Dodged            |    36 |     4 ||    40
